 Dungeon Crawl Stone Soup version 0.16-a0-3873-g452e4d5 (webtiles) character file.

8850 PolkaDot the Summoner (level 11, -2/69 HPs)
             Began as a Vampire Summoner on Feb 1, 2015.
             Was an Elder of Sif Muna.
             Slain by a wight
             ... wielding a +3 morningstar
              (4 damage)
             ... on level 11 of the Dungeon.
             The game lasted 00:50:41 (12138 turns).

PolkaDot the Summoner (Vampire Summoner)           Turns: 12138, Time: 00:50:41

Health: -2/69      AC: 15    Str:  7    XL:     11   Next: 15%
Magic:  13/26      EV: 10    Int: 20    God:    Sif Muna [****..]
Gold:   595        SH:  9    Dex: 14    Spells: 5 memorised, 1 level left

rFire  . . .     SeeInvis +     y - +4 short sword (drain)
rCold  . . .     Clarity  .     f - +1 leather armour
rNeg   . . .     SustAb   .     q - +1 shield {AC+3}
rPois  .         Gourm    .     B - +2 helmet
rElec  .         Spirit   .     A - +0 cloak
rCorr  .         Warding  .     (no gloves)
rMut   .         Stasis   .     (no boots)
MR     ++...                    (no amulet)
Stlth  ++++......               G - ring of magical power
                                g - +4 ring of protection

@: lethally poisoned, very slightly contaminated, regenerating quickly, very
resistant to hostile enchantments, stealthy
A: bottle blood, fangs 3, see invisible, magic resistance 1, unbreathing
a: Channel Energy, Forget Spell, Renounce Religion


You were on level 11 of the Dungeon.
You worshipped Sif Muna.
Sif Muna was greatly pleased with you.
You were very full.

You visited 2 branches of the dungeon, and saw 12 of its levels.
You also visited: Labyrinth and Sewer.

You collected 595 gold pieces.

Inventory:

Hand weapons
 k - a cursed +1 falchion of slicing
 y - a +4 short sword of draining (weapon)
Missiles
 s - a throwing net (quivered)
Armour
 f - a +1 leather armour (worn)
 q - a +1 shield of protection (worn)
 A - a +0 cloak (worn)
 B - a +2 helmet (worn)
Jewellery
 e - an uncursed ring of sustain abilities
 g - a +4 ring of protection (left hand)
 G - a ring of magical power (right hand)
 I - an uncursed ring of flight
Magical devices
 h - a wand of fire (7)
 o - a wand of digging (12)
 x - a wand of slowing (19)
 C - a wand of digging (17)
 D - a wand of digging (12)
 K - a wand of digging (7)
Scrolls
 i - a scroll of magic mapping
 j - 6 scrolls of remove curse
 n - 4 scrolls of fear
 p - 2 scrolls of noise {unknown}
 r - 4 scrolls of fog
 t - 3 scrolls of amnesia {unknown}
 u - 2 scrolls of teleportation
 v - 5 scrolls of recharging
 J - a scroll of enchant weapon {unknown}
Potions
 a - 3 potions of brilliance
 c - 2 potions of heal wounds
 d - 8 potions of curing
 l - 10 potions of blood {@*1}
 m - 3 potions of magic
 w - a potion of flight
 z - 2 potions of restore abilities
 E - a potion of ambrosia
 F - a potion of cancellation
Books
 b - a book of Callings

   Spells                             Type                      Level
   a - Summon Small Mammal            Summoning                    1
   b - Call Imp                       Summoning                    2
   c - Call Canine Familiar           Summoning                    3
   d - Summon Guardian Golem          Hexes/Summoning              4
   e - Summon Lightning Spire         Summoning/Air                4
   f - Summon Ice Beast               Ice/Summoning                4
Miscellaneous
 H - an ornate deck of wonders
 M - a sack of spiders


   Skills:
 - Level 0.8 Fighting
 - Level 8.5(8.6) Short Blades
 - Level 1.2(5.0) Long Blades
 - Level 2.8 Dodging
 - Level 8.3 Stealth
 * Level 3.8 Shields
 - Level 2.0 Spellcasting
 + Level 4.3 Charms
 + Level 12.4 Summonings
 - Level 5.0 Ice Magic


You had one spell level left.
You knew the following spells:

 Your Spells              Type           Power        Failure   Level  Hunger
d - Call Canine Familiar  Summ           ######..     1%          3    ###....
i - Summon Ice Beast      Ice/Summ       #####...     30%         4    #####..
r - Regeneration          Chrm/Necr      ##........   95%         3    ###....
s - Call Imp              Summ           ######..     1%          2    ##.....
z - Summon Small Mammal   Summ           ####         1%          1    #......


Dungeon Overview and Level Annotations

Branches:
Dungeon (11/15)            Temple (1/1) D:7             Orc (0/4) D:11
   Lair: D:8-11

Altars:
Ashenzari
Cheibriados
Dithmenos
Elyvilon
Fedhas
Gozag
Kikubaaqudgha
Makhleb
Nemelex Xobeh
Okawaru
Qazlal
Ru
Sif Muna
Trog
Vehumet
Xom
Yredelemnul
Zin
The Shining One

Shops:
D:6 }

Annotations:
D:11 Nessos


Innate Abilities, Weirdness & Mutations

Your natural rate of healing is unusually fast.
You can bottle blood from corpses.
You have razor-sharp teeth.
You have supernaturally acute eyesight.
You can survive without breathing.
You are resistant to hostile enchantments.


Message History

Things that are here:
a halberd of flaming; a robe Your wolf bites the wight.
Nessos wields a longbow of flaming.
It bursts into flame!
Nessos shoots a poisoned arrow.
The poisoned arrow hits your ice beast!!
The poisoned arrow melts your ice beast!!
Your ice beast dies!
The wight hits you with an enchanted morningstar!
* * * LOW HITPOINT WARNING * * *
Your ice beast barely misses the wight.
Your wolf barely misses the wight.
You completely miss the wight.
The wight is moderately damaged.
Nessos shoots a poisoned arrow.
The poisoned arrow hits you!!
* * * LOW HITPOINT WARNING * * *
The poisoned arrow burns you!
* * * LOW HITPOINT WARNING * * *
You are lethally poisoned!
Your wolf bites the wight but does no damage.
The wight hits you with an enchanted morningstar.
You die...

#....+......,,,,..
#.c..*......,,,...
#...###'#..##'*#..
#...##....#...##..
#.............#...
#.............+...
#...##....#,..*#..
#.5.##)..##'####..
#@zY)....'........
#)h......#....##..
#...##..###...####
#...##.[#####+##..
#...#.............
#...#.).......##..
#...#..........#+#
#...#...).........
#...+.............


You could see Nessos, a wight, a crimson imp, a friendly ice beast and a
friendly wolf.

Vanquished Creatures
  A minotaur (Lab)
  2 unseen horrors
  Pikel (D:7)
  The ghost of Charly the Chopper, an experienced DsSk of Ashenzari (D:8)
  A centaur zombie (D:10)
  A yak (D:11)
  A hippogriff (D:7)
  3 hungry ghosts
  A wolf (D:11)
  A phantom (D:4)
  2 wasps
  2 ogres
  A centaur (D:9)
  9 giant frogs
  A crocodile (D:9)
  A gnoll sergeant (D:7)
  A big kobold (D:10)
  A brain worm (D:11)
  A wyvern zombie (D:7)
  3 scorpions
  A water moccasin skeleton (D:8)
  4 killer bees (D:9)
  8 wights
  2 orc priests
  3 iguanas
  3 giant frog zombies
  2 giant frog skeletons
  2 hounds
  2 centaur skeletons
  4 jellies
  A quasit (D:8)
  5 orc wizards
  A killer bee zombie (D:9)
  4 worker ants
  A hound skeleton (D:10)
  A mummy (D:8)
  9 gnolls
  A worker ant zombie (D:5)
  15 adders
  A giant mite (D:2)
  3 worms
  33 orcs
  16 bats
  2 giant cockroaches
  14 goblins
  22 hobgoblins
  10 jackals
  2 quokkas
  12 ball pythons
  5 giant geckos
  5 giant newts
  26 kobolds
  A quokka zombie (D:5)
  28 rats
284 creatures vanquished.

Vanquished Creatures (collateral kills)
  The ghost of Fv001 the Blocker, a powerful GrFi of Qazlal (D:11)
  4 hill giants
  An ugly thing (D:11)
  A minotaur zombie (Lab)
  A troll (D:11)
  A trapdoor spider zombie (D:11)
  4 yaks (D:11)
  Grum (D:11)
  A hippogriff (D:11)
  3 wolves (D:11)
  An ogre (D:9)
  2 orc warriors (D:9)
  A necrophage (D:5)
  2 giant frogs
  A gnoll sergeant (D:11)
  A scorpion (D:5)
  4 killer bees
  11 wights
  2 crimson imps
  A worker ant (D:4)
  2 orc wizards
  2 river rats (Sewer)
  5 gnolls
  A shadow imp (D:11)
  7 adders
  2 worms (D:2)
  4 giant geckos
  An ooze (Sewer)
  11 orcs
  2 bats
  3 hobgoblins
  5 jackals
  5 ball pythons (Sewer)
  A goblin (D:2)
  A kobold (D:8)
  15 rats
111 creatures vanquished.

Vanquished Creatures (others)
  12 ice beasts
  7 wolves
  A slave (D:7)
  A jelly (D:7)
  A crimson imp (D:8)
  6 hounds
  3 gnolls (D:7)
  3 shadow imps
  3 white imps
  2 giant cockroaches (D:7)
  2 hobgoblins
  A bat (D:1)
  2 kobolds (D:5)
  A rat (D:1)
45 creatures vanquished.

Grand Total: 440 creatures vanquished

Notes
Turn   | Place    | Note
--------------------------------------------------------------
     0 | D:1      | PolkaDot, the Vampire Summoner, began the quest for the Orb.
     0 | D:1      | Reached XP level 1. HP: 13/13 MP: 3/3
  1017 | D:1      | Reached XP level 2. HP: 11/20 MP: 1/4
  1637 | D:1      | Reached XP level 3. HP: 25/25 MP: 6/6
  1642 | D:1      | Learned a level 3 spell: Call Canine Familiar
  1645 | D:1      | Learned a level 2 spell: Call Imp
  2134 | D:2      | Found a stormy altar of Qazlal.
  2192 | D:2      | Found a shattered altar of Ashenzari.
  2276 | D:2      | Reached skill level 1 in Short Blades
  2345 | D:2      | Reached XP level 4. HP: 31/31 MP: 7/7
  2693 | D:2      | Reached skill level 1 in Shields
  2769 | D:3      | Reached skill level 5 in Summonings
  2859 | D:3      | Reached XP level 5. HP: 31/36 MP: 7/9
  2942 | D:3      | Found a shadowy altar of Dithmenos.
  3340 | D:3      | Reached skill level 1 in Long Blades
  3508 | D:3      | Found an opulent altar of Gozag.
  3508 | D:3      | Found an ancient bone altar of Kikubaaqudgha.
  3698 | D:4      | Gained mutation: You are resistant to hostile enchantments. [potion of beneficial mutation]
  3747 | D:4      | Found a glowing drain.
  3798 | Sewer    | Entered a sewer
  4148 | Sewer    | Reached XP level 6. HP: 42/42 MP: 1/10
  4352 | Sewer    | Reached skill level 6 in Summonings
  4610 | D:5      | Entered Level 5 of the Dungeon
  4638 | D:5      | Reached skill level 5 in Stealth
  4638 | D:5      | Reached XP level 7. HP: 38/47 MP: 12/12
  4768 | D:5      | Found a shimmering altar of Xom.
  4883 | D:5      | Reached skill level 7 in Summonings
  5000 | D:6      | Found Ibryina's Quality Used Wands.
  5172 | D:7      | Reached XP level 8. HP: 43/53 MP: 13/13
  5186 | D:7      | Noticed Pikel
  5203 | D:7      | Killed Pikel
  5203 | D:7      | Reached skill level 5 in Short Blades
  5203 | D:7      | Reached skill level 8 in Summonings
  5294 | D:7      | Found a staircase to the Ecumenical Temple.
  5300 | Temple   | Entered the Ecumenical Temple
  5500 | D:7      | Found a glowing golden altar of the Shining One.
  5517 | D:7      | Found a sparkling altar of Nemelex Xobeh.
  5524 | D:7      | Found a basalt altar of Yredelemnul.
  5536 | D:7      | Found a white marble altar of Elyvilon.
  5547 | D:7      | Found a deep blue altar of Sif Muna.
  5555 | D:7      | Became a worshipper of Sif Muna the Loreminder
  5745 | D:7      | Paralysed by a wasp for 2 turns
  5873 | D:7      | Learned a level 4 spell: Summon Ice Beast
  5904 | D:7      | Reached skill level 9 in Summonings
  5937 | D:7      | Reached skill level 1 in Ice Magic
  6144 | D:7      | Reached XP level 9. HP: 55/58 MP: 14/14
  6233 | D:7      | Acquired Sif Muna's first power
  7559 | D:5      | Found an iron altar of Okawaru.
  8155 | D:4      | Noticed a phantom
  8160 | D:4      | Killed a phantom
  8710 | D:8      | Noticed Charly's ghost (experienced DsSk)
  8789 | D:8      | Reached skill level 10 in Summonings
  8839 | D:8      | Killed Charly's ghost
  8839 | D:8      | Acquired Sif Muna's second power
  9567 | D:9      | Reached XP level 10. HP: 16/64 MP: 5/16
  9824 | D:9      | Learned a level 3 spell: Regeneration
  9925 | D:9      | Reached skill level 11 in Summonings
 10006 | D:9      | Noticed an unseen horror
 10018 | D:9      | Killed an unseen horror
 10493 | D:10     | Entered Level 10 of the Dungeon
 10791 | D:10     | Reached skill level 5 in Ice Magic
 10835 | D:10     | Noticed an unseen horror
 10840 | D:10     | Killed an unseen horror
 10840 | D:10     | Reached skill level 1 in Charms
 10935 | D:10     | Noticed a hill giant
 10958 | D:10     | Killed a hill giant
 11232 | D:11     | Noticed Fv001's ghost (powerful GrFi)
 11236 | D:11     | Noticed a hill giant
 11239 | D:11     | Noticed a hill giant
 11247 | D:11     | Killed a hill giant
 11253 | D:11     | Killed a hill giant
 11266 | D:11     | Noticed Grum
 11272 | D:11     | Found a staircase to the Orcish Mines.
 11287 | D:11     | Found a labyrinth entrance.
 11292 | Lab      | Entered a labyrinth
 11389 | Lab      | Noticed a minotaur
 11401 | Lab      | Killed a minotaur
 11401 | Lab      | Acquired Sif Muna's third power
 11401 | Lab      | Reached skill level 12 in Summonings
 11642 | D:11     | Killed Fv001's ghost
 11646 | D:11     | Noticed a purple ugly thing
 11664 | D:11     | Killed a purple ugly thing
 11723 | D:11     | Noticed a hill giant
 11726 | D:11     | Noticed a manticore
 11726 | D:11     | Noticed a four-headed hydra
 11726 | D:11     | Noticed a six-headed hydra
 11750 | D:11     | Killed a hill giant
 11750 | D:11     | Reached XP level 11. HP: 40/69 MP: 15/17
 12096 | D:11     | Killed Grum
 12137 | D:11     | Noticed Nessos
 12138 | D:11     | HP: 2/69 [Nessos/poisoned arrow (7)]
 12138 | D:11     | Slain by a wight

Action                   |  1- 3 |  4- 6 |  7- 9 | 10-12 || total
-------------------------+-------+-------+-------+-------++-------
Melee: Short sword       |   113 |       |   417 |   266 ||   796
       Unarmed           |     3 |       |       |       ||     3
       Dagger            |    62 |   204 |   208 |       ||   474
       Falchion          |       |    95 |       |       ||    95
Throw: Throwing net      |       |     1 |     1 |     1 ||     3
 Cast: Summon Small Mamm |    15 |       |       |       ||    15
       Call Canine Famil |     2 |    12 |    11 |    14 ||    39
       Call Imp          |     2 |    20 |    16 |     3 ||    41
       Summon Ice Beast  |       |       |     3 |    28 ||    31
Invok: Channel Energy    |       |       |       |    14 ||    14
  Use: Potion            |     3 |    19 |    35 |    35 ||    92
       Scroll            |       |     8 |     8 |    14 ||    30
 Stab: Sleeping          |     6 |     5 |    14 |    12 ||    37
       Distracted        |       |     1 |     3 |     3 ||     7
       Invisible         |       |     4 |       |       ||     4
       Held in net/web   |       |     2 |       |       ||     2
  Eat: Corpse            |    15 |       |       |       ||    15
